 Dungeon Crawl Stone Soup version 0.26-a0-113-gd8a95b691d (webtiles) character file.

Game seed: 16402598137243356984

16 MrRokkomies the Vexing (level 2, -2/17 HPs)
             Began as a Kobold Arcane Marksman on June 26, 2020.
             Slain by a quokka (3 damage)
             ... on level 2 of the Dungeon.
             The game lasted 00:02:14 (1377 turns).

MrRokkomies the Vexing (Kobold Arcane Marksman)     Turns: 1377, Time: 00:02:14

Health: -2/17      AC:  2    Str:  7    XL:     2   Next: 70%
Magic:  3/3        EV: 15    Int: 14    God:
Gold:   55         SH:  0    Dex: 15    Spells: 0/3 levels left

rFire    . . .     SeeInvis .   b - +0 long sword
rCold    . . .     Faith    .   (shield restricted)
rNeg     . . .     Spirit   .   e - +0 robe
rPois    .         Reflect  .   (no helmet)
rElec    .         Harm     .   (no cloak)
rCorr    .                      (no gloves)
MR       .....                  (no boots)
Stlth    +.........             (no amulet)
HPRegen  0.05/turn              (no ring)
MPRegen  0.08/turn              (no ring)

@: no status effects
A: small, carnivore
a: no special abilities


You were on level 2 of the Dungeon.
You were very full.

You visited 1 branch of the dungeon, and saw 2 of its levels.

You collected 55 gold pieces.

Inventory:

Hand Weapons
 a - a +0 hand crossbow
 b - a +0 long sword (weapon)
 i - a +0 dagger
Missiles
 d - 20 bolts
 g - 16 poisoned darts (quivered)
Armour
 e - a +0 robe (worn)
Scrolls
 c - a scroll of teleportation
 h - a scroll of immolation {unknown}
Potions
 j - 2 potions of berserk rage {unknown}
Comestibles
 f - a ration


   Skills:
 * Level 1.7 Fighting
 * Level 3.0 Crossbows
 + Level 2.6 Dodging
 - Level 1.1 Spellcasting
 + Level 3.1 Hexes


You couldn't memorise any spells.
You knew the following spells:

 Your Spells              Type           Power        Failure   Level  Hunger
a - Corona                Hex            #......      8%          1    ##.....
b - Slow                  Hex            #.......     11%         2    ###....

Your spell library contained the following spells:

 Spells                   Type           Power        Failure   Level  Hunger
 Inner Flame              Hex/Fire       #.......     38%         3    ####...
 Portal Projectile        Hex/Tloc       #.....       38%         3    ####...
 Cause Fear               Hex            #.........   58%         4    #####..
 Leda's Liquefaction      Hex/Erth       #.........   80%         4    #####..


Dungeon Overview and Level Annotations

Branches:
Dungeon (2/15)

Altars:


Innate Abilities, Weirdness & Mutations

You are small and have problems with some larger weapons.
You are carnivorous and can eat meat at any time.


Message History

You are too injured to fight recklessly!
You are too injured to fight recklessly!
You closely miss the quokka. The quokka barely misses you.
The quokka bites you but does no damage.
You closely miss the quokka. The quokka bites you.
You closely miss the quokka. The quokka closely misses you.
The quokka bites you.
* * * LOW HITPOINT WARNING * * *
You hit the quokka.
The quokka is moderately wounded.
The quokka bites you.
* * * LOW HITPOINT WARNING * * *
The quokka completely misses you.
You hit the quokka but do no damage.
The quokka is moderately wounded.
The quokka closely misses you. x2
You hit the quokka but do no damage.
The quokka is lightly wounded.
The quokka bites you.
You die...

###.#.# #.# #.#.###.#.#
#.....# #.# #.#.#...#.#
#.#.#####.# #.#.#.#...#
#.#.....#.#####.#.#...###
............>##.#.##..#
..#####.#.#.###.#.##..#
#### #.#.#... #.##..#
...# #.#.#######.....#
...# ..#......r@.###.#
...# ####........# #.#
...# .........# #.# ##.#
##.#...... .# +# #
#.###### ## #. #


You could see a quokka.

Vanquished Creatures
  A dart slug (D:1)
  A ball python (D:1)
  A giant cockroach (D:2)
  2 hobgoblins (D:1)
  3 kobolds (D:1)
  3 bats (D:1)
  2 frilled lizards (D:2)
  A rat (D:1)
14 creatures vanquished.

Notes
Turn   | Place    | Note
-------+----------+-------------------------------------------
     0 | D:1      | MrRokkomies the Kobold Arcane Marksman began the quest for
                  | the Orb.
     0 | D:1      | Reached XP level 1. HP: 12/12 MP: 2/2
   198 | D:1      | Reached XP level 2. HP: 14/16 MP: 3/3
  1255 | D:2      | Learned a level 2 spell: Slow
  1377 | D:2      | Slain by a quokka

Illustrated notes

Levels and vault maps discovered:
D:1:      dpeg_arrival_orchard, layout_basic, dk_noncrumbling_4,
          serial_bayou_lake_a
D:2:      layout_basic, uniq_robin

Skill      XL: |  1  2 |
---------------+-------+-----
Crossbows      | 3 |  3.0
Fighting       | |  1.7
Dodging        | |  2.6
Spellcasting   | |  1.1
Hexes          | |  3.1

Action                   || total
-------------------------++-------
Melee: Dagger            ||    35
       Long sword        ||    44
 Fire: Hand crossbow     ||     8
  Use: Scroll            ||     4
  Eat: Chunk             ||     8
Armor: Robe              ||    20
Dodge: Dodged            ||    81
       Rpst.: Long sword ||     8

Table legend:
 A = Non-vault XP
 B = Vault XP
 C = Vault XP percentage of total XP
 D = Non-vault monster count
 E = Vault monster count
 F = Vault count percentage of total count
                 A         B        C        D         E       F
            +---------+---------+-------+---------+---------+-------
      Total |      23 |       0 |   0.0 |      14 |       0 |   0.0
            +---------+---------+-------+---------+---------+-------
        D:1 |      19 |       0 |   0.0 |      11 |       0 |   0.0
        D:2 |       4 |       0 |   0.0 |       3 |       0 |   0.0
            +---------+---------+-------+---------+---------+-------
